 Dungeon Crawl Stone Soup version 0.26.1-2-gb8aa6d0cf2 (webtiles) character file.

Game seed: 15059065234427603128

10526 nightchill the Grappler (level 11, -5/101 HPs)
             Began as a Ghoul Monk on Mar 18, 2021.
             Was an Elder of Cheibriados.
             Slain by Gastronok (36 damage)
             ... on level 10 of the Dungeon.
             The game lasted 00:20:31 (12354 turns).

nightchill the Grappler (Ghoul Monk)               Turns: 12354, Time: 00:20:31

Health: -5/101     AC:  8    Str: 28    XL:     11   Next: 63%
Magic:  16/16      EV:  7    Int: 14    God:    Cheibriados [****..]
Gold:   648        SH:  0    Dex: 20    Spells: 6/10 levels left

rFire    . . .     SeeInvis .     - Unarmed
rCold    + + .     Faith    .   E - +0 tower shield
rNeg     + + +     Spirit   .   O - +2 ring mail {rC+}
rPois    ∞         Reflect  +   k - +0 hat
rElec    .         Harm     .   D - +0 cloak
rCorr    +         Rampage  .   (no gloves)
Will     .....                  (no boots)
Stlth    ..........             b - amulet of reflection
HPRegen  0.00/turn              y - ring of resist corrosion
MPRegen  0.15/turn              (no ring)

@: confused, slowed, very slow
A: claws 1, cold resistance 1, negative energy resistance 3, inhibited
regeneration, torment resistance, unbreathing
a: Renounce Religion, Bend Time, Temporal Distortion, Slouch


You were on level 10 of the Dungeon.
You worshipped Cheibriados.
Cheibriados was greatly pleased with you.
You visited 1 branch of the dungeon, and saw 10 of its levels.
You also visited: Sewer.

You collected 648 gold pieces.

Inventory:

Missiles
 Q - 8 curare-tipped darts (quivered)
Armour
 a - a +0 robe
 h - a +0 ring mail
 k - a +0 hat (worn)
 l - a +0 kite shield
 B - the cursed +0 helmet "Dasuk" {rElec rF+ Will-}
   (You found it on level 5 of the Dungeon)

   It protects you from fire.
   It insulates you from electricity.
   It affects your willpower, your defense against some magical effects.
   It has a curse placed upon it.
 D - a +0 cloak (worn)
 E - a +0 tower shield (worn)
 O - a +2 ring mail of cold resistance (worn)
Jewellery
 b - an amulet of reflection (around neck)
 y - a ring of resist corrosion (left claw)
 G - an uncursed ring of see invisible {unknown}
 I - a cursed ring of teleportation {unknown}
 K - an uncursed amulet of magic regeneration {unknown}
 L - a +4 ring of evasion {unknown}
Wands
 o - a wand of disintegration (35)
 x - a wand of polymorph (10)
 C - a wand of iceblast (17)
Scrolls
 e - 5 scrolls of remove curse
 f - 4 scrolls of teleportation
 g - 4 scrolls of fog {unknown}
 n - a scroll of enchant armour {unknown}
 s - a scroll of blinking {unknown}
 v - 3 scrolls of random uselessness {unknown}
 F - 5 scrolls of identify
 H - 3 scrolls of amnesia {unknown}
 N - a scroll of immolation {unknown}
 P - a scroll of vulnerability {unknown}
Potions
 c - a potion of lignification {unknown}
 i - 9 potions of might
 j - 3 potions of haste {unknown}
 m - 3 potions of brilliance {unknown}
 p - a potion of mutation {unknown}
 q - a potion of invisibility {unknown}
 r - 2 potions of magic
 t - 7 potions of heal wounds {unknown}
 u - 3 potions of curing {unknown}
 w - 6 potions of flight {unknown}
 z - 4 potions of attraction {unknown}
 A - a potion of degeneration {unknown}
 J - a potion of cancellation {unknown}
Miscellaneous
 M - a condenser vane


   Skills:
 + Level 10.7 Fighting
 - Level 2.6 Dodging
 - Level 2.1 Stealth
 * Level 14.3 Unarmed Combat
 + Level 8.3 Invocations


You had 6 spell levels left.
You knew the following spells:

 Your Spells              Type           Power        Failure   Level
a - Sticky Flame          Conj/Fire      0%           100%        4

Your spell library contained the following spells:

 Spells                   Type           Power        Failure   Level
 Animate Skeleton         Necr           0%           100%        1
 Apportation              Tloc           0%           100%        1
 Corona                   Hex            0%           100%        1
 Foxfire                  Conj/Fire      0%           100%        1
 Pain                     Necr           0%           100%        1
 Summon Small Mammal      Summ           0%           100%        1
 Conjure Flame            Conj/Fire      0%           100%        3
 Inner Flame              Hex/Fire       0%           100%        3
 Vampiric Draining        Necr           0%           100%        3
 Animate Dead             Necr           0%           100%        4
 Agony                    Necr           0%           100%        5
 Fireball                 Conj/Fire      0%           100%        5


Dungeon Overview and Level Annotations

Branches:
Dungeon (10/15)            Temple (0/1) D:5            Lair (0/6) D:10
    Orc (0/2) D:10          Sewer (visited)

Altars:
Ashenzari
Cheibriados
Elyvilon
Gozag
Hepliaklqana
Makhleb
Qazlal
Ru
Sif Muna
Xom
Zin

Shops:
D:4 [   D:7 (*=

Annotations:
D:10 Gastronok


Innate Abilities, Weirdness & Mutations

You thrive by killing the living.
You are immune to poison.
You have sharp fingernails.
Your flesh is cold resistant. (rC+)
You are immune to negative energy. (rN+++)
You do not regenerate when monsters are visible.
You are immune to unholy pain and torment.
You can survive without breathing.


Message History

The wight hits you but does no damage.
Gastronok mumbles some strange words.
You block the wight's attack. The wight barely misses you.
You scratch Gastronok.
Gastronok is lightly wounded.
You block the wight's attack.
Gastronok waves his eye-stalks in wide circles.
The air twists around and strikes you!!
* * * LOW HITPOINT WARNING * * *
You can feel time thicken for a moment.
You kill the river rat!
The river rat's corpse disappears in a puff of smoke!
You destroy the wight!
Cheibriados appreciates the change of pace.
Cheibriados lowers the support of your attributes as your movement quickens.
You are confused.
You feel invigorated.
Gastronok gurgles, "A snack!
A snack!"
Gastronok bites you!!!
You die...

###+######## #.......
##....P.. #........
#####+# ######........
....... ###.........>...
....... #.'.............
....... #.#.............
.......###.#.....#.......
.....§.w@..#.....#.......
......)#####...>.##.....#
....... #.....###...##
####### ####### #+.## .#
####### #...##.


You could see Gastronok (swift).

Vanquished Creatures
  A centaur warrior (D:9)
  2 two-headed ogres
  Sonja (D:10)
  Pikel (D:6)
  Maggie (D:10)
  A gargoyle (D:10)
  A troll (D:10)
  Prince Ribbit (D:8)
  A spriggan (D:7)
  Sigmund (D:6)
  2 wyverns
  Eustachio (D:5)
  Menkaure (D:4)
  3 wargs (D:10)
  A water moccasin (D:6)
  Duvessa (D:6)
  3 sky beasts
  An orc warrior (D:8)
  A black bear (D:7)
  6 ice beasts
  4 ogres
  A phantom (D:6)
  8 centaurs
  Blork the orc (D:5)
  5 big kobolds
  4 bullfrogs
  Dowan (D:6)
  A wyvern skeleton (D:8)
  2 scorpions
  A water moccasin skeleton (D:5)
  3 killer bees (D:7)
  A howler monkey (D:9)
  14 wights
  2 centaur zombies
  A quasit (D:8)
  5 orc priests
  A gnoll shaman (D:7)
  7 orc wizards
  3 hounds
  A jelly (D:9)
  2 centaur skeletons (D:10)
  3 bullfrog skeletons
  6 iguanas
  3 worker ants
  A hound skeleton (D:8)
  7 gnolls
  14 adders
  8 river rats
  2 white imps
  3 ufetubi
  2 oozes (D:1)
  An adder zombie (D:8)
  2 adder skeletons
  3 worms
  3 dart slugs
  4 leopard geckos
  15 orcs
  9 bats
  7 giant cockroaches
  8 hobgoblins
  14 jackals
  2 quokkas (D:3)
  9 ball pythons
  8 frilled lizards
  9 goblins
  A jackal skeleton (D:6)
  22 kobolds
  2 quokka skeletons (D:5)
  A quokka zombie (D:5)
  38 rats
306 creatures vanquished.

Notes
Turn   | Place    | Note
-------+----------+-------------------------------------------
     0 | D:1      | nightchill the Ghoul Monk began the quest for the Orb.
     0 | D:1      | Reached XP level 1. HP: 19/19 MP: 0/0
    63 | D:1      | Reached XP level 2. HP: 15/26 MP: 1/1
   515 | D:1      | Reached skill level 4 in Unarmed Combat
   645 | D:1      | Reached XP level 3. HP: 33/33 MP: 2/2
  1363 | D:2      | Found an opulent altar of Gozag.
  1369 | D:2      | Reached XP level 4. HP: 36/40 MP: 3/3
  1529 | D:2      | Reached skill level 5 in Unarmed Combat
  1934 | D:2      | Reached XP level 5. HP: 37/47 MP: 4/4
  2249 | D:3      | Found a white marble altar of Elyvilon.
  2814 | D:3      | Reached skill level 6 in Unarmed Combat
  3016 | D:3      | Found a hazy altar of Hepliaklqana.
  3017 | D:3      | Found a shimmering altar of Xom.
  3018 | D:3      | Noticed a spectral ugly thing
  3097 | D:4      | Found a glowing drain.
  3110 | D:4      | Reached XP level 6. HP: 55/55 MP: 5/5
  3119 | Sewer    | Entered a sewer
  3173 | Sewer    | Reached skill level 5 in Fighting
  3637 | Sewer    | Reached skill level 7 in Unarmed Combat
  3637 | Sewer    | Reached XP level 7. HP: 47/61 MP: 6/6
  4258 | D:4      | Found Qyusavem's Antique Armour Boutique.
  4578 | D:4      | Reached skill level 8 in Unarmed Combat
  4766 | D:4      | Noticed Menkaure
  4777 | D:4      | Killed Menkaure
  5183 | D:4      | Reached XP level 8. HP: 71/71 MP: 7/7
  5432 | D:5      | Entered Level 5 of the Dungeon
  5434 | D:5      | Noticed Blork the orc
  5438 | D:5      | Killed Blork the orc
  5439 | D:5      | Reached skill level 9 in Unarmed Combat
  5681 | D:5      | Found a burning altar of Makhleb.
  5684 | D:5      | Found a glowing silver altar of Zin.
  5684 | D:5      | Found a snail-covered altar of Cheibriados.
  5685 | D:5      | Found a shimmering blue altar of Sif Muna.
  5686 | D:5      | Found a sacrificial altar of Ru.
  5686 | D:5      | Found a broken altar of Ashenzari.
  5695 | D:5      | Became a worshipper of Cheibriados the Contemplative
  5695 | D:5      | Reached * piety under Cheibriados
  5695 | D:5      | Reached ** piety under Cheibriados
  5821 | D:5      | Found a staircase to the Ecumenical Temple.
  5851 | D:5      | Noticed Eustachio
  5884 | D:5      | Killed Eustachio
  5885 | D:5      | Reached skill level 1 in Invocations
  6045 | D:5      | Got a distressingly furry helmet
  6046 | D:5      | Identified the cursed +0 helmet "Dasuk" {rElec rF+ Will-}
                  | (You found it on level 5 of the Dungeon)
  6470 | D:6      | Reached skill level 10 in Unarmed Combat
  6730 | D:6      | Reached XP level 9. HP: 65/79 MP: 9/9
  6792 | D:6      | Noticed Sigmund
  6811 | D:6      | Killed Sigmund
  7094 | D:6      | Noticed Pikel
  7106 | D:6      | Killed Pikel
  7358 | D:6      | Reached skill level 11 in Unarmed Combat
  7605 | D:6      | Noticed Duvessa
  7605 | D:6      | Noticed Dowan
  7636 | D:6      | Killed Duvessa
  7642 | D:6      | Killed Dowan
  8103 | D:7      | Reached *** piety under Cheibriados
  8398 | D:7      | Reached skill level 5 in Invocations
  8407 | D:7      | Reached XP level 10. HP: 87/90 MP: 12/12
  8523 | D:7      | Reached skill level 12 in Unarmed Combat
  8694 | D:7      | Found Iqiufrus's Jewellery Shop.
  8697 | D:7      | Found Gig Biph's Assorted Antiques.
  8921 | D:7      | Found Letimaj's Weapon Boutique.
  9129 | D:7      | Found a stormy altar of Qazlal.
  9209 | D:8      | Noticed Prince Ribbit
  9220 | D:8      | Killed Prince Ribbit
  9258 | D:8      | Noticed a two-headed ogre
  9269 | D:8      | Killed a two-headed ogre
  9608 | D:8      | Reached **** piety under Cheibriados
 10412 | D:9      | Reached skill level 13 in Unarmed Combat
 10524 | D:9      | Noticed a two-headed ogre
 10537 | D:9      | Killed a two-headed ogre
 10538 | D:9      | Reached skill level 10 in Fighting
 10538 | D:9      | Reached XP level 11. HP: 99/99 MP: 15/15
 10895 | D:9      | Noticed a centaur warrior
 10904 | D:9      | Killed a centaur warrior
 10904 | D:9      | Reached ***** piety under Cheibriados
 11390 | D:10     | Entered Level 10 of the Dungeon
 11432 | D:10     | Found a staircase to the Orcish Mines.
 11767 | D:10     | Learned a level 4 spell: Sticky Flame
 11870 | D:10     | Noticed Sonja
 11874 | D:10     | Killed Sonja
 11875 | D:10     | Reached skill level 14 in Unarmed Combat
 11965 | D:10     | Found a staircase to the Lair.
 11965 | D:10     | Noticed Maggie
 12005 | D:10     | Killed Maggie
 12323 | D:10     | Noticed Gastronok
 12354 | D:10     | Slain by Gastronok

Illustrated notes

Levels and vault maps discovered:
D:1:      zaba_arrival_water, layout_rooms, minmay_misc_feat_iff,
          corner_web_ring, minmay_misc_feat_rows
D:2:      layout_loops_ring, nicolae_overflow_hidden_temple
D:3:      minmay_general_purpose_star, layout_basic,
          regret_index_temple_of_mockery, serial_corexii_hall,
          chequers_hall_statues_wall_a, corexii_hall_statues_i, elyvilon_altar_5
D:4:      layout_loops_corners, portal_sewer_entry_b, serial_shops, shop_coins,
          uniq_menkaure
D:5:      layout_basic, grunt_temple_overflow_open,
          minmay_temple_entry_statues_fountains, minmay_misc_feat_encased,
          minmay_statues_item, uniq_eustachio, uniq_blork_the_orc
D:6:      layout_loops_corners, st_stairs_8, uniq_pikel, uniq_sigmund,
          uniq_duvessa
D:7:      layout_cave_pools, grunt_qazlal_sundering, serial_shops, shop, shop,
          shop_statue, the_bakery
D:8:      layout_loops_ring, uniq_prince_ribbit1
D:9:      layout_roguey
D:10:     layout_roguey, erik_lair_orcish_takeover, minmay_misc_feat_roman,
          uniq_sonja, uniq_maggie, uniq_gastronok

Skill      XL: |  1  2  3  4  5  6  7  8  9 10 11 |
---------------+----------------------------------+-----
Unarmed Combat | 4 5 6 7 8 10 11 13 14 | 14.3
Fighting       | 4 5 6 7 8 10 | 10.7
Invocations    | 2 5 7 8 |  8.3
Dodging        | |  2.6
Stealth        | |  2.1

Action                   |  1- 3 |  4- 6 |  7- 9 | 10-12 || total
-------------------------+-------+-------+-------+-------++-------
Melee: Unarmed           |    93 |   308 |   293 |   314 ||  1008
       Punch             |     2 |       |       |       ||     2
Invok: Slouch            |       |       |       |     3 ||     3
  Use: Scroll            |       |       |     6 |       ||     6
       Potion            |       |       |       |     1 ||     1
 Stab: Sleeping          |     3 |     5 |     1 |     2 ||    11
       Distracted        |       |       |     1 |       ||     1
Armor: Robe              |     9 |       |       |       ||     9
       Ring mail         |     2 |    96 |    66 |    56 ||   220
Dodge: Dodged            |    39 |   119 |    99 |    59 ||   316
Block: Kite shield       |       |   164 |   128 |       ||   292
       Reflection        |       |     1 |    11 |    24 ||    36
       Tower shield      |       |       |    99 |   300 ||   399
